 Dungeon Crawl Stone Soup version 0.29.0-4-gdea44cf6ec (webtiles) character file.

Game seed: 2680432310182077342

210 qw the Chopper (level 5, 0/30 HPs)
             Began as a Tengu Warper on Aug 28, 2022.
             Slain by an iguana (8 damage)
             ... on level 4 of the Dungeon.
             The game lasted 00:00:18 (3219 turns).

qw the Chopper (Tengu Warper)                       Turns: 3219, Time: 00:00:18

Health: 0/30       AC: 12    Str: 14    XL:     5   Next: 87%
Magic:  9/9        EV:  5    Int: 13    God:
Gold:   214        SH:  0    Dex: 13    Spells: 8/8 levels left

rFire   . . .      SeeInvis .   n - +0 war axe
rCold   . . .      Faith    .   (no shield)
rNeg    . . .      Spirit   .   k - +0 plate armour
rPois   .          Reflect  .   (helmet restricted)
rElec   .          Harm     .   m - +0 cloak
rCorr   .          Rampage  .   (no gloves)
Will    .....                   (boots unavailable)
Stlth   ..........              (no amulet)
HPRegen 0.10/turn               (no ring)
MPRegen 0.11/turn               (no ring)

@: flying quickly and evasively, quick
A: beak, talons 3, nimble flight
a: no special abilities


You were on level 4 of the Dungeon.
You visited 1 branch of the dungeon, and saw 4 of its levels.

You collected 214 gold pieces.


Innate Abilities, Weirdness & Mutations

You have a beak for a mouth.
You have claws for feet.
Your magical nature lets you fly swiftly and evasively.


   Skills:
 - Level 2.0 Fighting
 - Level 6.0 Axes
 - Level 1.0 Throwing
 + Level 2.4 Armour
 - Level 2.1 Dodging
 - Level 2.0 Spellcasting
 - Level 2.4 Translocations


You had 8 spell levels left.
You didn't know any spells.
Your spell library contained the following spells:

 Spells                   Type           Power      Damage    Failure   Level
 Blink                    Tloc           14%        N/A       100%        2
 Gell's Gravitas          Tloc           7%         N/A       100%        3
 Lesser Beckoning         Tloc           7%         N/A       100%        3
 Teleport Other           Tloc           7%         N/A       100%        3
 Manifold Assault         Tloc           7%         N/A       100%        5

Inventory:

Hand Weapons
 b - a +0 morningstar
 n - a +0 war axe (weapon)
Armour
 k - a +0 plate armour (worn)
 m - a +0 cloak (worn)
Scrolls
 f - 2 scrolls of identify
 l - 2 scrolls of teleportation
Potions
 a - a potion of resistance
 c - a potion of haste
 d - a potion of heal wounds
 e - 2 potions of curing
 h - a potion of lignification {unknown}
 j - 2 potions of flight {unknown}

Dungeon Overview and Level Annotations

Branches:
Dungeon (4/15)
 Temple: D:4-7

Altars:
Cheibriados
Fedhas
Gozag
Trog
Uskayaw
Xom

Shops:
D:1 (   D:2 (


Message History

You hit the gnoll. Your kick misses the gnoll.
You peck the gnoll, but do no damage.
The gnoll is lightly wounded.
You closely miss the gnoll. The gnoll barely misses you.
An iguana comes into view.
The gnoll hits you but does no damage.
You hit the gnoll. Your kick misses the gnoll.
The gnoll is heavily wounded.
You barely miss the gnoll.
The gnoll hits you but does no damage. x2
You hit the gnoll. You claw the gnoll.
You kill the gnoll!
You hit the gnoll. The gnoll hits you but does no damage.
You slash the gnoll!
You kill the gnoll!
You barely miss the iguana. The iguana barely misses you.
The iguana bites you but does no damage.
You hit the iguana. You claw the iguana. Your peck misses the iguana.
The iguana is heavily wounded.
The iguana bites you.
You hit the iguana but do no damage. You claw the iguana, but do no damage.
The iguana is heavily wounded.
The iguana barely misses you.
You hit the iguana. You claw the iguana.
You kill the iguana!
You hit the iguana. The iguana bites you.
Your Axes skill increases to level 6!
You barely miss the iguana. You claw the iguana, but do no damage.
Your peck misses the iguana.
The iguana is moderately wounded.
The iguana bites you but does no damage.
The iguana bites you.
You hit the iguana but do no damage. You claw the iguana, but do no damage.
The iguana is moderately wounded.
The iguana bites you!
You die...

#.# #.# ### #.# #.. #.#
#.# ########.# #.#
#.....##.#
...#.##)####.###.##.####
......)@................
......l.#.######.##.##.#
.....##<...# #....##.#
.#.. ......# #.......#
..= #.###### #.#######
.. #. #.# . # #.# #.#
#.#


You could see an iguana.

Vanquished Creatures
  A scorpion (D:4)
  An iguana (D:4)
  An orc wizard (D:4)
  3 gnolls (D:4)
  An adder (D:2)
  A worm (D:3)
  5 orcs (D:4)
  4 ball pythons
  3 bats
  5 endoplasms
  3 giant cockroaches (D:1)
  7 goblins
  10 hobgoblins
  3 jackals (D:2)
  4 kobolds
  A quokka (D:1)
  2 frilled lizards (D:1)
  3 rats
58 creatures vanquished.

Notes
Turn   | Place    | Note
-------+----------+-------------------------------------------
     0 | D:1      | qw the Tengu Warper began the quest for the Orb.
     0 | D:1      | Reached XP level 1. HP: 12/12 MP: 4/4
     0 | D:1      | 0 ||| qw: Version: 0.1-a-89-g26bdef1
     0 | D:1      | 0 ||| qw: Game counter: 754
     0 | D:1      | 0 ||| qw: Always use a shield: true
     0 | D:1      | 0 ||| qw: God list: Okawaru
     0 | D:1      | 0 ||| qw: Allow faded altars: false
     0 | D:1      | 0 ||| qw: Do Orc after D:15 true
     0 | D:1      | 0 ||| qw: Do second Lair branch before Depths: true
     0 | D:1      | 0 ||| qw: Lair rune preference: random
     0 | D:1      | 0 ||| qw: Plans: Normal
     0 | D:1      | 0 ||| PLANNING D:1-11
   198 | D:1      | Reached XP level 2. HP: 17/17 MP: 6/6
   202 | D:1      | Reached skill level 3 in Axes
   307 | D:1      | 307 ||| Stepping ~*~*~tactically~*~*~ (stealth).
   311 | D:1      | 311 ||| Stepping ~*~*~tactically~*~*~ (stealth).
   383 | D:1      | You fall into a shaft and drop 1 floor!
   388 | D:2      | 388 ||| UPGRADING to +0 chain mail.
   459 | D:2      | 459 ||| DROPPING +0 leather armour.
   463 | D:2      | 463 ||| READING scroll labelled REOKHL GIUVATIPT.
   464 | D:2      | 464 ||| DROPPING scroll of blinking.
   471 | D:2      | 471 ||| Stepping ~*~*~tactically~*~*~ (stealth).
   558 | D:1      | 558 ||| Stepping ~*~*~tactically~*~*~ (stealth).
   604 | D:1      | Found Nioxzien's Antique Weapon Emporium.
   610 | D:1      | 610 ||| SHOPLISTING whip (50 gold, have 28).
   637 | D:1      | Reached XP level 3. HP: 14/21 MP: 7/7
   725 | D:1      | 725 ||| DROPPING +0 club.
  1161 | D:1      | Found a faded altar of an unknown god.
  1162 | D:1      | 1162 ||| Stepping ~*~*~tactically~*~*~ (stealth).
  1165 | D:1      | 1165 ||| Stepping ~*~*~tactically~*~*~ (stealth).
  1169 | D:1      | Reached skill level 4 in Axes
  1346 | D:1      | 1346 ||| READING scroll labelled BERA CETODD.
  1350 | D:1      | 1350 ||| READING scroll labelled VAOZOH BIAC.
  1351 | D:1      | 1351 ||| READING 3 scrolls labelled RUALUO XUYT.
  1352 | D:1      | 1352 ||| DROPPING 2 scrolls of vulnerability.
  1530 | D:2      | 1530 ||| Stepping ~*~*~tactically~*~*~ (stealth).
  1586 | D:2      | 1586 ||| FLEEEEING.
  1597 | D:2      | 1597 ||| FLEEEEING.
  1598 | D:2      | 1598 ||| FLEEEEING.
  1599 | D:2      | 1599 ||| FLEEEEING.
  1600 | D:2      | 1600 ||| FLEEEEING.
  1601 | D:2      | 1601 ||| FLEEEEING.
  1602 | D:2      | 1602 ||| FLEEEEING.
  1603 | D:2      | 1603 ||| FLEEEEING.
  1830 | D:2      | Found Durrea's Weapon Shoppe.
  1835 | D:2      | 1835 ||| SHOPLISTING +1 antimagic hand axe (160 gold, have
                  | 59).
  1986 | D:2      | Reached XP level 4. HP: 24/26 MP: 8/8
  2089 | D:2      | 2089 ||| UPGRADING to +0 plate armour.
  2099 | D:2      | 2099 ||| DROPPING +0 chain mail.
  2100 | D:2      | 2100 ||| READING scroll labelled TAPREA UDIJUQ.
  2241 | D:2      | 2241 ||| READING 2 scrolls of identify.
  2241 | D:2      | 2241 ||| IDENTIFYING sapphire potion
  2357 | D:3      | Found an opulent altar of Gozag.
  2357 | D:3      | Found a shimmering altar of Xom.
  2365 | D:3      | Found a blossoming altar of Fedhas.
  2367 | D:3      | Found a bloodstained altar of Trog.
  2368 | D:3      | Identified the +2 leather armour of Oily Leaves {-Cast
                  | Rampage rElec Dex+7}
  2369 | D:3      | Found a hide-covered altar of Uskayaw.
  2514 | D:3      | Found a snail-covered altar of Cheibriados.
  3013 | D:3      | 3013 ||| UPGRADING to +0 cloak.
  3018 | D:3      | 3018 ||| DROPPING amulet of faith.
  3019 | D:3      | 3019 ||| READING scroll labelled XUHAOJ XIEPH.
  3020 | D:3      | 3020 ||| DRINKING 2 glowing brown potions.
  3021 | D:3      | 3021 ||| DRINKING 2 fuming red potions.
  3022 | D:3      | 3022 ||| DRINKING 3 blue potions.
  3023 | D:3      | 3023 ||| READING 2 scrolls of identify.
  3023 | D:3      | 3023 ||| IDENTIFYING grey potion
  3024 | D:3      | 3024 ||| DROPPING potion of attraction.
  3091 | D:4      | 3091 ||| SWAPPING to +0 war axe.
  3095 | D:4      | 3095 ||| DROPPING +0 whip.
  3096 | D:4      | 3096 ||| DROPPING +1 hand axe.
  3100 | D:4      | 3100 ||| DROPPING +0 flail.
  3156 | D:4      | Noticed a scorpion
  3163 | D:4      | Killed a scorpion
  3164 | D:4      | Reached skill level 5 in Axes
  3164 | D:4      | Gained mutation: Your magical nature lets you fly swiftly
                  | and evasively. [Tengu growth]
  3164 | D:4      | Reached XP level 5. HP: 30/30 MP: 9/9
  3218 | D:4      | Reached skill level 6 in Axes
  3219 | D:4      | Slain by an iguana

Levels and vault maps discovered:
D:1:      co_arrival_random_square_maze, layout_basic,
          hellmonk_ecumenical_altar_pennies_from_heaven, serial_shops,
          nicolae_shop_hallway_plus, minmay_tree_intersection,
          grunt_decor_fettered
D:2:      layout_basic, serial_shops, nicolae_shop_hallway_plus
D:3:      layout_loops_ring, mainiacjoe_overflow_catwalk,
          chequers_temple_overflow_minitemple, chequers_hall_statues_wall_a
D:4:      layout_basic

Skill      XL: |  1  2  3  4  5 |
---------------+----------------+-----
Axes           | 3 4 5 6 |  6.0
Armour         | 2 |  2.4
Fighting       | |  2.0
Throwing       | |  1.0
Dodging        | |  2.1
Spellcasting   | |  2.0
Translocations | |  2.4

Action                   |  1- 3 |  4- 6 || total
-------------------------+-------+-------++-------
Melee: Hand axe          |    80 |    25 ||   105
       Kick              |    18 |    15 ||    33
       Peck              |    11 |     8 ||    19
       War axe           |       |    19 ||    19
       Punch             |       |     1 ||     1
Throw: Boomerang         |     7 |     4 ||    11
  Use: Scroll            |     4 |     4 ||     8
       Potion            |       |     3 ||     3
Armor: Chain mail        |    30 |       ||    30
       Plate armour      |       |    24 ||    24
Dodge: Dodged            |    28 |    13 ||    41

Table legend:
 A = Non-vault XP
 B = Vault XP
 C = Vault XP percentage of total XP
 D = Non-vault monster count
 E = Vault monster count
 F = Vault count percentage of total count
                 A         B        C        D         E       F
            +---------+---------+-------+---------+---------+-------
      Total |     300 |       0 |   0.0 |      58 |       0 |   0.0
            +---------+---------+-------+---------+---------+-------
        D:1 |      42 |       0 |   0.0 |      24 |       0 |   0.0
        D:2 |      41 |       0 |   0.0 |      17 |       0 |   0.0
        D:3 |      11 |       0 |   0.0 |       5 |       0 |   0.0
        D:4 |     206 |       0 |   0.0 |      12 |       0 |   0.0
            +---------+---------+-------+---------+---------+-------
